 Dungeon Crawl Stone Soup version 0.19.1-1-g22dce08 (webtiles) character file.

89 Lennu the Shield-Bearer (level 4, -6/37 HPs)
             Began as a Formicid Fighter on Jan 4, 2017.
             Was an Initiate of Makhleb.
             Mangled by a crocodile (15 damage)
             ... on level 3 of the Dungeon.
             The game lasted 00:08:21 (2404 turns).

Lennu the Shield-Bearer (Formicid Fighter)          Turns: 2404, Time: 00:08:21

Health: -6/37      AC:  7    Str: 21    XL:     4   Next: 84%
Magic:  4/4        EV:  8    Int:  7    God:    Makhleb [......]
Gold:   77         SH:  9    Dex: 11    Spells: 0 memorised, 3 levels left

rFire  . . .     SeeInvis +     a - +0 long sword
rCold  . . .     Gourm    .     b - +0 scale mail
rNeg   . . .     Faith    .     c - +0 shield
rPois  .         Spirit   .     (helmet unavailable)
rElec  .         Reflect  .     (no cloak)
rCorr  .         Harm     .     (no gloves)
MR     .....                    (no boots)
Stlth  ..........               (no amulet)
                                (no ring)
                                (no ring)

@: no status effects
A: permanent stasis, dig shafts and tunnels, four strong arms, antennae 3
a: Dig, Shaft Self, Renounce Religion


You were on level 3 of the Dungeon.
You worshipped Makhleb.
Makhleb was noncommittal.
You were not hungry.

You visited 1 branch of the dungeon, and saw 3 of its levels.

You collected 77 gold pieces.

Inventory:

Hand Weapons
 a - a +0 long sword (weapon)
Armour
 b - a +0 scale mail (worn)
 c - a +0 shield (worn)
Scrolls
 e - a scroll of fog {unknown}
 m - a scroll of teleportation {unknown}
 n - 3 scrolls of identify {unknown}
 o - 2 scrolls of recharging {unknown}
 q - a scroll of remove curse {unknown}
 r - a scroll of enchant armour {unknown}
Potions
 d - a potion of might
 g - 4 potions of curing {unknown}
 j - a potion of berserk rage {unknown}
 l - a potion of brilliance {unknown}
 p - a potion of lignification {unknown}
Comestibles
 f - 4 bread rations
 h - a slice of pizza
 i - a meat ration
 k - 2 chunks of flesh


   Skills:
 * Level 3.8 Fighting
 * Level 2.9 Long Blades
 * Level 3.8 Armour
 * Level 1.1 Dodging
 * Level 4.2 Shields


You had 3 spell levels left.
You didn't know any spells.

Dungeon Overview and Level Annotations

Branches:
Dungeon (3/15)

Altars:
Makhleb
Sif Muna


Innate Abilities, Weirdness & Mutations

You are under a permanent stasis effect.
You can dig through walls and to a lower floor.
Your four strong arms can wield two-handed weapons with a shield.
You have a pair of large antennae on your head. (SInv)


Message History

You block the crocodile's attack. The crocodile completely misses you.
You hit the crocodile but do no damage.
The crocodile is severely wounded.
The crocodile bites you.
You slash the crocodile!
The crocodile is almost dead.
The crocodile bites you.
You barely miss the crocodile.
The crocodile is almost dead.
You block the crocodile's attack. x2
You hit the crocodile but do no damage.
The crocodile is almost dead.
The crocodile bites you!
* * * LOW HITPOINT WARNING * * *
You are too injured to fight recklessly!
You are too injured to fight recklessly!
Your shield prevents you from hitting the crocodile.
The crocodile is almost dead.
The crocodile bites you!
You die...

#.# ..
#.#####.......
#.#...#.......
#.#...#.......
####.....#.......
#........#.......
#.###.#+##.......
#.#.#.#.##.......
#.#.....@t.......
#.#####.##.......
#.....#.# .......
######.#(#
.######
#......#.# .#
#.######.# .# #.#
#.# .# #.# #.# .#
##.######.#


You could see a crocodile.

Vanquished Creatures
  2 adders (D:2)
  A worm (D:2)
  3 leopard geckos (D:1)
  3 orcs (D:3)
  A ball python (D:1)
  5 giant cockroaches
  8 goblins
  9 hobgoblins
  3 jackals (D:2)
  6 bats
  3 frilled lizards
  7 kobolds
  7 rats
58 creatures vanquished.

Notes
Turn   | Place    | Note
-------+----------+-------------------------------------------
     0 | D:1      | Lennu the Formicid Fighter began the quest for the Orb.
     0 | D:1      | Reached XP level 1. HP: 18/18 MP: 1/1
   226 | D:1      | Reached XP level 2. HP: 24/24 MP: 2/2
   505 | D:1      | Reached XP level 3. HP: 27/29 MP: 3/3
   809 | D:1      | Reached skill level 4 in Shields
  1180 | D:2      | Reached skill level 1 in Dodging
  1212 | D:2      | Reached XP level 4. HP: 18/35 MP: 4/4
  2127 | D:2      | Found a burning altar of Makhleb.
  2127 | D:2      | Found a deep blue altar of Sif Muna.
  2130 | D:2      | Became a worshipper of Makhleb the Destroyer
  2389 | D:3      | Noticed a crocodile
  2404 | D:3      | Mangled by a crocodile

Skill      XL: |  1  2  3 |
---------------+----------+-----
Shields        | 4 |  4.2
Dodging        | 1 |  1.1
Fighting       | |  3.8
Long Blades    | |  2.9
Armour         | |  3.8

Action                   |  1- 3 |  4- 6 || total
-------------------------+-------+-------++-------
Melee: Long sword        |   129 |   109 ||   238
  Eat: Chunk             |     1 |     4 ||     5
Armor: Scale mail        |    55 |    44 ||    99
Dodge: Dodged            |    47 |    42 ||    89
Block: Shield            |    68 |    46 ||   114
       Rpst.: Long sword |    11 |    13 ||    24
